 Dungeon Crawl Stone Soup version 0.19-a0-3-g95c6029 (webtiles) character file.

423 Minkie the Firebug (level 6, 20/24 HPs)
             Began as a Felid Fire Elementalist on Apr 28, 2016.
             Quit the game on level 5 of the Dungeon.
             The game lasted 00:25:22 (5728 turns).

Minkie the Firebug (Felid Fire Elementalist)        Turns: 5728, Time: 00:25:23

Health: 20/24      AC:  4    Str:  9    XL:     6   Next: 63%
Magic:  13/13      EV: 18    Int: 18    God:
Gold:   263        SH:  0    Dex: 19    Spells: 3 memorised, 3 levels left
                                        Lives:  0   Deaths: 1

rFire  . . .     SeeInvis +     (weapon unavailable)
rCold  . . .     Gourm    .     (armour unavailable)
rNeg   . . .     Faith    .     (shield unavailable)
rPois  +         Spirit   .     (helmet unavailable)
rElec  .         Dismiss  .     (cloak unavailable)
rCorr  +         Reflect  .     (gloves unavailable)
SustAt .         Harm     .     (boots unavailable)
MR     .....                    o - amulet of magic regeneration
Stlth  ++++......               p - ring of resist corrosion
                                f - +5 ring of strength

@: quick, not resistant to hostile enchantments, stealthy
A: no armour, no weapons or thrown items, claws 1, fangs 3, slimy green scales
1, thin skeletal structure 1, see invisible, carnivore 3, speed 1, poison
resistance, shaggy fur 2, slow metabolism 1, sharp paws
a: no special abilities


You were on level 5 of the Dungeon.
You were completely stuffed.

You visited 2 branches of the dungeon, and saw 6 of its levels.
You also visited: Ossuary.

You collected 263 gold pieces.

Inventory:

Jewellery
 e - an uncursed amulet of rage
 f - a +5 ring of strength (left paw)
 o - an amulet of magic regeneration (around neck)
 p - a ring of resist corrosion (right paw)
Scrolls
 c - 3 scrolls of teleportation {unknown}
 i - 2 scrolls of enchant weapon {unknown}
 j - a scroll of noise {unknown}
 r - a scroll of blinking {unknown}
 u - a scroll of enchant armour {unknown}
Potions
 d - a potion of mutation
 g - 3 potions of curing
 k - 3 potions of invisibility
 l - a potion of haste
 n - 2 potions of cure mutation
 q - 5 potions of heal wounds
 s - a potion of ambrosia
Books
 a - a book of Flames

   Spells                             Type                      Level
   a - Flame Tongue                   Conjuration/Fire             1
   b - Throw Flame                    Conjuration/Fire             2
   c - Conjure Flame                  Conjuration/Fire             3
   d - Inner Flame                    Hexes/Fire                   3
   e - Sticky Flame                   Conjuration/Fire             4
   f - Fireball                       Conjuration/Fire             5
Comestibles
 b - 2 meat rations
 h - a beef jerky
 m - 2 slices of pizza


   Skills:
 - Level 2.6 Dodging
 - Level 2.6 Stealth
 + Level 4.2 Spellcasting
 + Level 3.8 Conjurations
 + Level 5.0 Fire Magic


You had 3 spell levels left.
You knew the following spells:

 Your Spells              Type           Power        Failure   Level  Hunger
a - Flame Tongue          Conj/Fire      ###..        2%          1    None
b - Sticky Flame          Conj/Fire      ###.....     28%         4    ####...
c - Fireball              Conj/Fire      ###.......   78%         5    ######.


Dungeon Overview and Level Annotations

Branches:
Dungeon (5/15)             Temple (1/1) D:4

Altars:
Ashenzari
Cheibriados
Elyvilon
Fedhas
Gozag
Kikubaaqudgha
Makhleb
Nemelex Xobeh
Okawaru
Pakellas
Qazlal
Ru
Trog
Vehumet
Yredelemnul
Zin
The Shining One

Annotations:
D:4 Dowan, Duvessa


Innate Abilities, Weirdness & Mutations

You cannot wear armour.
You are incapable of wielding weapons or throwing items.
You have sharp claws.
You have razor-sharp teeth.
You have supernaturally acute eyesight.
You are carnivorous and can eat meat at any time.
You cover ground quickly.
You are covered in thick fur (AC +2).
You have a slow metabolism.
Your sharp claws are effective at attacking unaware monsters.
You are partially covered in slimy green scales (AC +2).
You have a somewhat thin skeletal structure (Dex +2, Stealth).
Your system is resistant to poisons.


Message History

The crimson imp misses you.
You scratch the crimson imp but do no damage.
Your bite misses the crimson imp. The crimson imp hits you.
You scratch the crimson imp but do no damage.
The crimson imp barely misses you.
You scratch the crimson imp.
The crimson imp is moderately wounded.
The crimson imp barely misses you.
You scratch the crimson imp.
The crimson imp is moderately wounded.
The crimson imp blinks!
The crimson imp completely misses you.
You scratch the crimson imp.
The crimson imp is heavily wounded.
The crimson imp blinks!
The crimson imp blinks!
No target in view!
No target in view!
No target in view!
Are you sure you want to abandon this character and quit the game? (Confirm with "yes".)

#.............
#.............
#.............
######........<...
###......<....##....
##.....#####.###########
.._....# ##...........(#
#...###.§#..........#
#..§@...##.^........#
#...#####...........#
#####...#...............#
..........###############
######...## #...# #...#
#...# #.§.#


There were no monsters in sight!

Vanquished Creatures
  A scorpion (D:5)
  A centaur zombie (Ossuary)
  An orc wizard (D:3)
  A hound (D:4)
  Jessica (D:2)
  2 iguanas
  A worker ant (D:4)
  2 big kobold zombies (Ossuary)
  6 mummies (Ossuary)
  8 adders
  8 worms
  A dart slug (D:3)
  4 giant geckos
  8 orcs
  8 bats
  3 giant cockroaches
  8 goblins
  14 hobgoblins
  4 jackals (D:4)
  4 giant newts
  3 kobolds
  8 rats
97 creatures vanquished.

Notes
Turn   | Place    | Note
--------------------------------------------------------------
     0 | D:1      | Minkie the Felid Fire Elementalist began the quest for the Orb.
     0 | D:1      | Reached XP level 1. HP: 7/7 MP: 4/4
    16 | D:1      | Reached skill level 1 in Conjurations
   531 | D:1      | Reached XP level 2. HP: 10/11 MP: 4/6
  1111 | D:1      | Reached skill level 3 in Fire Magic
  1316 | D:2      | Reached XP level 3. HP: 14/14 MP: 5/7
  1377 | D:2      | Noticed Jessica
  1385 | D:2      | Killed Jessica
  1762 | D:2      | Reached XP level 4. HP: 18/18 MP: 7/9
  2462 | D:3      | Reached XP level 5. HP: 21/21 MP: 7/10
  2479 | D:3      | Learned a level 4 spell: Sticky Flame
  2485 | D:3      | Learned a level 5 spell: Fireball
  2571 | D:3      | Reached skill level 4 in Fire Magic
  2938 | D:3      | Found an iron altar of Okawaru.
  3080 | D:3      | Found a blossoming altar of Fedhas.
  3080 | D:3      | Found a basalt altar of Yredelemnul.
  3726 | D:3      | Noticed a moth of wrath
  3729 | D:3      | Found a bloodstained altar of Trog.
  3887 | D:4      | Found a sand-covered staircase.
  3897 | Ossuary  | Entered an ossuary
  4124 | Ossuary  | Slain by a big kobold zombie
  4125 | Ossuary  | Reached XP level 4. HP: 0/18 MP: 3/10
  4150 | Ossuary  | Reached XP level 5. HP: 19/21 MP: 7/11
  4534 | D:4      | Gained mutation: You are partially covered in slimy green scales (AC +2). [potion of mutation]
  4534 | D:4      | Gained mutation: You have a somewhat thin skeletal structure (Dex +2, Stealth). [potion of mutation]
  4534 | D:4      | Gained mutation: Your system is resistant to poisons. [potion of mutation]
  4724 | D:4      | Found a staircase to the Ecumenical Temple.
  4732 | D:4      | Gained mutation: You are covered in thick fur (AC +2). [Felid growth]
  4732 | D:4      | Reached XP level 6. HP: 24/24 MP: 8/12
  4745 | Temple   | Entered the Ecumenical Temple
  5062 | D:4      | Found a sacrificial altar of Ru.
  5238 | D:4      | Noticed Dowan
  5253 | D:4      | Noticed Duvessa
  5497 | D:5      | Entered Level 5 of the Dungeon
  5605 | D:5      | Reached skill level 5 in Fire Magic
  5678 | D:5      | Found a snail-covered altar of Cheibriados.
  5728 | D:5      | Quit the game

Vault maps used:
D:1:      erik_arrival_cave_to_civilisation, st_stairs_4
D:2:      uniq_jessica
D:3:      okawaru_metal_pillars_3, amethyst_overflow_temple_binary, first_bread,
          tgw_trog
D:4:      temple_fountains, nicolae_ossuary_entry_monument,
          nicolae_ru_sacrificial_ziggurat, uniq_blork_the_orc, uniq_duvessa
D:5:      lemuel_ratsnest, overflow_temple_1_default, lemuel_flamethrower_1,
          uniq_grinder
Temple:   nicolae_temple_god_jail
Ossuary:  ossuary_the_hunt_dpeg

Skill      XL: |  1  2  3  4  5  6 |
---------------+-------------------+-----
Conjurations   | 1 2 3 |  3.8
Fire Magic     | 3 4 5 |  5.0
Spellcasting   | 3 4 |  4.2
Dodging        | |  2.6
Stealth        | |  2.6

Action                   |  1- 3 |  4- 6 || total
-------------------------+-------+-------++-------
Melee: Unarmed           |    36 |    40 ||    76
       Bite              |     2 |     1 ||     3
 Cast: Flame Tongue      |    32 |   222 ||   254
  Use: Scroll            |       |     8 ||     8
       Potion            |       |     1 ||     1
 Stab: Sleeping          |     3 |     1 ||     4
  Eat: Chunk             |     8 |    13 ||    21
Armor: Skin              |     4 |     6 ||    10
Dodge: Dodged            |    45 |    84 ||   129
